[Event "Team 45 45 League T32"]
[Site "Internet Chess Club"]
[Date "2007.01.28"]
[Round "2"]
[White "Vitruvian"]
[Black "nardz"]
[Result "1/2-1/2"]
[WhiteElo "1870"]
[BlackElo "2111"]
[ECO "B22"]
[TimeControl "2700+45"]

1. e4 c5 2. c3 Nf6 3. e5 Nd5 4. d4 cxd4 5. Nf3 e6 6. cxd4 Bb4+ 7. Bd2 Bxd2+ 8.
Nbxd2 d6 9. Bc4 dxe5 10. dxe5 O-O 11. O-O Nb6 12. Bb3 Bd7 13. Ne4 Bc6 14. Nd6
N8d7 15. Nd4 Nxe5 16. Nxc6 Nxc6 17. Nxb7 Qe7 18. Nc5 Na5 19. Na4 Nxb3 20. Qxb3
Nxa4 21. Qxa4 Rab8 22. b3 Rb4 23. Qc6 Rb6 24. Qa4 Rd8 25. Rad1 Rbd6 26. Rxd6
Rxd6 27. b4 h6 28. a3 Rd3 29. h3 e5 30. Qa5 e4 31. Re1 g6 32. Qa6 Rb3 33. Qc4
Rxa3 34. Qxe4 Qxe4 35. Rxe4 Ra1+ 36. Kh2 Kf8 37. b5 Rb1 38. Ra4 Rxb5 39. Rxa7
Rb2 40. Kg3 Kg7 41. f3 h5 42. h4 {Game drawn by mutual agreement} 1/2-1/2

[Event "Team 45 45 League T32"]
[Site "Internet Chess Club"]
[Date "2007.01.30"]
[Round "2"]
[White "mint-tea"]
[Black "gracey"]
[Result "0-1"]
[WhiteElo "1767"]
[BlackElo "2137"]
[ECO "E12"]
[TimeControl "2700+45"]

1. d4 Nf6 2. c4 e6 3. Nf3 b6 4. a3 Bb7 5. Nc3 d5 6. Qc2 Nbd7 7. cxd5 Nxd5 8. e4
Nxc3 9. bxc3 c5 10. Bd3 Qc7 11. Qe2 cxd4 12. O-O dxc3 13. e5 Bxf3 14. Qxf3 Rd8
15. Bf4 Nxe5 16. Bb5+ Ke7 17. Qg3 Rd5 18. a4 c2 19. Ra3 f6 20. Rc3 Rc5 21. Bxe5
fxe5 22. Qg5+ Kf7 23. Rf3+ Kg8 24. Qg4 Qc8 25. Ba6 h5 26. Qg6 Qd7 27. Bd3 c1=Q
{White resigns} 0-1

[Event "Team 45 45 League T32"]
[Site "Internet Chess Club"]
[Date "2007.01.29"]
[Round "2"]
[White "DaveTheRook"]
[Black "bmw2002"]
[Result "0-1"]
[WhiteElo "1655"]
[BlackElo "1713"]
[ECO "D74"]
[TimeControl "2700+45"]

1. d4 Nf6 2. c4 g6 3. Nf3 Bg7 4. g3 O-O 5. Bg2 d5 6. cxd5 Nxd5 7. O-O Bg4 8. Ne5
Bxe5 9. dxe5 c6 10. Bh6 Re8 11. h3 Be6 12. e4 Nb4 13. Nc3 Nd7 14. a3 Na6 15. Bf4
Qc7 16. Kh2 Nxe5 17. Qd4 f6 18. Bxe5 Qxe5 19. Qxe5 fxe5 20. b4 Rad8 21. Rfd1 Nc7
22. Rab1 Bc4 23. h4 Ne6 24. Bh3 Rd4 25. b5 Rxd1 26. Rxd1 Nd4 27. bxc6 bxc6 28.
Rb1 Nb5 29. Nxb5 cxb5 30. Bd7 Rb8 31. Kg2 Bd3 32. Re1 a5 33. Re3 Bc4 34. Bc6 e6
35. Rf3 b4 36. axb4 axb4 37. Rf6 b3 {White resigns} 0-1

[Event "Team 45 45 League T32"]
[Site "Internet Chess Club"]
[Date "2007.01.25"]
[Round "2"]
[White "BrerRabbit"]
[Black "boozehound"]
[Result "0-1"]
[WhiteElo "1468"]
[BlackElo "1782"]
[ECO "A61"]
[TimeControl "2700+45"]

1. d4 Nf6 2. c4 c5 3. d5 e6 4. Nc3 exd5 5. cxd5 d6 6. Nf3 g6 7. Bf4 Nh5 8. Bg5
f6 9. Bd2 Bg4 10. e4 Nd7 11. h3 Bxf3 12. Qxf3 Ne5 13. Qd1 a6 14. Be2 Ng7 15. O-O
b5 16. a3 Be7 17. Re1 O-O 18. b3 f5 19. exf5 Nxf5 20. f4 Nd7 21. Bg4 Bh4 22. Re6
Qb6 23. Kh2 Bg3+ 24. Kh1 Rae8 25. Ne4 Bh4 26. Kh2 Rxe6 27. dxe6 Nf6 28. Nxf6+
Bxf6 29. Rc1 Nd4 30. b4 h5 31. Bxh5 gxh5 32. Qxh5 Nxe6 33. Qd5 Kg7 34. Qxe6 c4
35. Bc3 Qf2 36. Qe7+ Kg8 37. Bxf6 Qxf4+ 38. Kg1 Qxc1+ 39. Kh2 Qf4+ 40. g3 Qxf6
41. Qe2 Qf2+ {White resigns} 0-1

[Event "Team 45 45 League T32"]
[Site "Internet Chess Club"]
[Date "2007.01.26"]
[Round "2"]
[White "Kingofknights"]
[Black "Katie"]
[Result "1-0"]
[WhiteElo "1712"]
[BlackElo "1579"]
[ECO "D15"]
[TimeControl "2700+45"]

1. d4 d5 2. c4 c6 3. Nf3 Nf6 4. Nc3 a6 5. cxd5 cxd5 6. Qc2 b5 7. Bg5 e6 8. e3
Be7 9. Bd3 Bb7 10. O-O Nc6 11. a3 Rc8 12. Qe2 Na5 13. Ne5 O-O 14. f4 Ne4 15.
Bxe7 Qxe7 16. Bxe4 dxe4 17. f5 f6 18. Ng6 Qf7 19. Nxf8 Rxf8 20. Rf4 exf5 21.
Rxf5 Qg6 22. Rf4 f5 23. Raf1 Nc4 24. b4 Nxa3 25. d5 Qf6 26. Nxe4 Qg6 27. Qf3
Bxd5 28. Nf6+ Qxf6 29. Qxd5+ Kh8 30. Rxf5 {Black resigns} 1-0

[Event "Team 45 45 League T32"]
[Site "Internet Chess Club"]
[Date "2007.01.26"]
[Round "2"]
[White "boffman"]
[Black "g8wrb"]
[Result "1-0"]
[WhiteElo "1424"]
[BlackElo "1361"]
[ECO "C01"]
[TimeControl "2700+45"]

1. e4 e6 2. d4 d5 3. exd5 exd5 4. Bd3 Bd6 5. Nf3 Nf6 6. Bg5 Bg4 7. Nbd2 Nc6 8.
c3 h6 9. Bh4 g5 10. Bg3 Bxg3 11. hxg3 Qe7+ 12. Qe2 O-O-O 13. Qxe7 Nxe7 14. O-O-O
Nc6 15. Rde1 Rde8 16. Ne5 Nxe5 17. dxe5 Nd7 18. f4 a6 19. Be2 Bf5 20. Bf3 c6 21.
Nb3 Re6 22. Nd4 Nc5 23. Kd2 Ne4+ 24. Bxe4 Bxe4 25. Nxe6 fxe6 26. Rhg1 Rf8 27.
Re2 gxf4 28. Rf2 f3 29. gxf3 Rxf3 30. Rxf3 Bxf3 31. g4 Kd7 32. Ke3 Be4 33. g5
hxg5 34. Rxg5 c5 35. Rg7+ Kc6 36. Re7 Bf5 37. Re8 b5 38. b4 cxb4 39. cxb4 Kb6
40. Kd4 a5 41. a3 a4 42. Rd8 Kc6 43. Rb8 Kc7 44. Rxb5 Kc6 45. Rc5+ Kb6 46. Rc8
Kb5 47. Ra8 Bc2 48. Rb8+ Kc6 49. Rc8+ Kb5 50. Rxc2 Kb6 51. Rc8 Kb7 52. Re8 Kc6
53. Rxe6+ Kd7 54. Kxd5 Kc7 55. Rd6 Kc8 56. e6 {Black resigns} 1-0

[Event "Team 45 45 League T32"]
[Site "Internet Chess Club"]
[Date "2007.01.26"]
[Round "2"]
[White "joonho"]
[Black "Fegary"]
[Result "1-0"]
[WhiteElo "1789"]
[BlackElo "1709"]
[ECO "B08"]
[TimeControl "2700+45"]

1. d4 d6 2. e4 Nf6 3. Nc3 g6 4. Nf3 g5 5. Bxg5 Bg7 6. Bd3 Bg4 7. h3 Bh5 8. O-O
h6 9. Be3 e5 10. dxe5 dxe5 11. g4 Nxg4 12. hxg4 Bxg4 13. Bb5+ Nd7 14. Bxd7+ Bxd7
15. Qd5 b6 16. Nxe5 Bxe5 17. Qxe5+ {Black resigns} 1-0

[Event "Team 45 45 League T32"]
[Site "Internet Chess Club"]
[Date "2007.01.27"]
[Round "2"]
[White "mogwop"]
[Black "OldBoy"]
[Result "0-1"]
[WhiteElo "1586"]
[BlackElo "1483"]
[ECO "D05"]
[TimeControl "2700+45"]

1. d4 d5 2. Nf3 Nf6 3. e3 e6 4. Bd3 Be7 5. Nbd2 O-O 6. O-O Nbd7 7. e4 dxe4 8.
Nxe4 Nxe4 9. Bxe4 Nf6 10. Bd3 Bd7 11. c3 Bc6 12. Re1 Bxf3 13. Qxf3 Qd5 14. Qe2
Rfe8 15. a3 Rad8 16. Bg5 Qxg5 17. h3 Bd6 18. Qf3 Qd5 19. Qe3 c5 20. Qe2 a6 21.
Rad1 Qc6 22. Bb1 c4 23. Qc2 g6 24. Qd2 Kg7 25. Re3 Bf4 {White resigns} 0-1

[Event "Team 45 45 League T32"]
[Site "Internet Chess Club"]
[Date "2007.01.27"]
[Round "2"]
[White "allanchs"]
[Black "lw"]
[Result "1/2-1/2"]
[WhiteElo "1545"]
[BlackElo "1535"]
[ECO "B01"]
[TimeControl "2700+45"]

1. e4 d5 2. exd5 Qxd5 3. Nc3 Qe5+ 4. Qe2 Qxe2+ 5. Bxe2 Nc6 6. Nf3 Nf6 7. d4 Bf5
8. Bd3 Bxd3 9. cxd3 O-O-O 10. Be3 e6 11. Ne5 Nxd4 12. Bxd4 Rxd4 13. Nxf7 Rg8 14.
O-O-O Bb4 15. Rhe1 Re8 16. f3 Bxc3 17. bxc3 Rd5 18. Ne5 Ra5 19. Re2 Nd5 20. Kb2
Rxa2+ 21. Kxa2 Nxc3+ 22. Kb3 Nxe2 23. Re1 Nd4+ 24. Kc4 Nf5 25. g3 Nd6+ 26. Kb4
Re7 27. f4 Nf7 28. Nxf7 Rxf7 29. Rxe6 Kd7 30. Re2 Rf6 31. Ra2 Rb6+ 32. Kc5 a6
33. d4 Rc6+ 34. Kb4 Rd6 35. Kc3 b5 36. d5 Rb6 37. Kd4 b4 38. Kc5 Rb5+ 39. Kc4
Rb6 40. f5 b3 41. Rb2 a5 42. g4 a4 43. g5 a3 44. Rxb3 Rxb3 45. Kxb3 a2 46. Kxa2
Kd6 47. f6 gxf6 48. gxf6 Kd7 49. Kb3 Ke8 50. Kc4 Kf7 51. Kc5 Kxf6 52. Kc6 Ke5
53. h4 h5 54. Kc5 Ke4 55. Kc4 Kf5 56. Kc5 Ke5 57. Kc4 {Game drawn by mutual
agreement} 1/2-1/2

[Event "Team 45 45 League T32"]
[Site "Internet Chess Club"]
[Date "2007.01.27"]
[Round "2"]
[White "chesskix"]
[Black "Berkshires"]
[Result "1-0"]
[WhiteElo "1467"]
[BlackElo "1446"]
[ECO "A05"]
[TimeControl "2700+45"]

1. Nf3 Nf6 2. g3 Nc6 3. Bg2 e5 4. d3 d5 5. O-O Be7 6. Re1 Bg4 7. Nbd2 O-O 8. c3
e4 9. dxe4 dxe4 10. Ng5 Re8 11. Ngxe4 Nxe4 12. Bxe4 Qd6 13. Qc2 g6 14. Bg2 Rad8
15. Qa4 Bd7 16. Qa3 Qf6 17. Qb3 Bc5 18. e3 Bb6 19. Ne4 Qe7 20. Qa3 Qe5 21. b4
Be6 22. Bb2 Bf5 23. c4 Qe6 24. Nf6+ Kf8 25. Nxe8 a6 26. c5 Ba7 27. Nxc7 Qd7 28.
Nd5 Bb8 29. Nf6 Qe7 30. Nxh7+ Ke8 31. Bf6 Rd3 32. Qb2 Qd7 33. Bg7 Kd8 34. Bf6+
Kc8 35. Nf8 Qe8 36. Nxg6 fxg6 37. Rad1 Rd7 38. Bxc6 bxc6 39. Rxd7 Qxd7 40. Qd4
Qe8 41. Rd1 Bc7 42. Qc4 Kb7 43. a4 Be6 44. Qc3 Bd5 45. Re1 Qe4 46. Kf1 Qg2+ 47.
Ke2 Bf3+ 48. Kd3 Be4+ 49. Kd4 Bd5 50. Kd3 Qe4+ 51. Kd2 Qf3 52. Re2 Qe4 53. Bd4
Qg4 54. Re1 Qf3 55. Re2 Qg2 56. f4 Qf3 57. Be5 Qe4 58. Bxc7 Be6 59. Bd6 Qd5+ 60.
Kc2 Qa2+ 61. Qb2 Qxa4+ 62. Kc3 Qb5 63. Kd2 a5 64. Qg7+ Ka6 65. Qb2 Bc4 66. Re1
a4 67. Ra1 Bb3 68. Qxb3 a3 69. Rxa3+ Kb7 70. Qf7+ Kc8 71. Qc7# {Black
checkmated} 1-0

[Event "Team 45 45 League T32"]
[Site "Internet Chess Club"]
[Date "2007.01.28"]
[Round "2"]
[White "Avedldesierto"]
[Black "DocHoliday"]
[Result "0-1"]
[WhiteElo "1641"]
[BlackElo "1991"]
[ECO "E24"]
[TimeControl "2700+45"]

1. d4 Nf6 2. c4 e6 3. Nc3 Bb4 4. a3 Bxc3+ 5. bxc3 Ne4 6. Qc2 f5 7. Bf4 O-O 8. f3
Nf6 9. Bg5 Qe8 10. Bh4 Qh5 11. Bf2 b6 12. Qd2 Bb7 13. h4 d6 14. Nh3 Nbd7 15. Qg5
Qf7 16. Qd2 e5 17. e3 Ba6 18. Bd3 e4 19. Ng5 Qe7 20. Be2 h6 21. Nh3 Qf7 22. Qa2
c5 23. d5 Ne5 24. f4 Neg4 25. g3 Qd7 26. a4 Rfb8 27. Kd2 Bc8 28. Bd1 a6 29. Be2
b5 30. cxb5 axb5 31. a5 c4 32. Bxg4 Nxg4 33. Ke2 Ra6 34. Rhd1 Rba8 35. Qb2 Rxa5
36. Rxa5 Rxa5 37. Ra1 Rxa1 38. Qxa1 Qb7 39. Qa3 Qxd5 40. Qa5 Be6 41. Qxb5 Qxb5
{White resigns} 0-1

[Event "Team 45 45 League T32"]
[Site "Internet Chess Club"]
[Date "2007.01.27"]
[Round "2"]
[White "AntonioMendonca"]
[Black "kamu"]
[Result "1-0"]
[WhiteElo "1561"]
[BlackElo "1653"]
[ECO "A16"]
[TimeControl "2700+45"]

1. c4 Nf6 2. Nc3 g6 3. g3 Bg7 4. Bg2 d6 5. Nf3 O-O 6. O-O e5 7. d3 Nc6 8. Bd2
Nd4 9. Nxd4 exd4 10. Nb5 Nd7 11. b4 a6 12. Na3 Re8 13. Re1 Qf6 14. Qa4 Qe6 15.
Nc2 Nb6 16. Qa5 Qe5 17. e3 Qxa5 18. bxa5 dxe3 19. axb6 Bxa1 20. Nxa1 exf2+ 21.
Kxf2 Rxe1 22. Kxe1 cxb6 23. Nc2 Bf5 24. Ke2 b5 25. Bxb7 bxc4 26. Bxa8 cxd3+ 27.
Ke3 dxc2 28. Be4 Bxe4 29. Kxe4 f5+ 30. Kd3 Kf7 31. Kxc2 Ke6 32. Kc3 Kd5 33. Kd3
Kc5 34. a3 Kd5 35. h4 Ke5 36. Ke3 h6 37. Kd3 h5 38. Kc4 Ke4 39. Bf4 d5+ 40. Kc5
d4 41. Kb6 Kf3 42. Kxa6 Ke2 43. a4 d3 44. a5 d2 45. Bxd2 Kxd2 46. Kb6 Ke3 47. a6
Kf3 48. a7 Kxg3 49. a8=Q f4 50. Qb8 Kg4 51. Kc6 f3 52. Qh2 Kf5 53. Kd5 {Black
resigns} 1-0

[Event "Team 45 45 League T32"]
[Site "Internet Chess Club"]
[Date "2007.01.28"]
[Round "2"]
[White "peterdiplaros"]
[Black "Queen"]
[Result "1-0"]
[WhiteElo "1540"]
[BlackElo "1425"]
[ECO "A45"]
[TimeControl "2700+45"]

1. d4 Nf6 2. e3 e6 3. Nd2 Bb4 4. c3 Ba5 5. Bd3 d5 6. f4 Bb6 7. Ngf3 h6 8. O-O
Nbd7 9. b4 Nf8 10. a4 a6 11. a5 Ba7 12. Ne5 N8d7 13. Qf3 Nxe5 14. fxe5 Bd7 15.
exf6 g6 16. Bxg6 fxg6 17. f7+ Kf8 18. Ba3 Kg7 19. e4 Bb5 20. Rf2 e5 21. Qg3 exd4
22. Qe5+ Kh7 23. cxd4 dxe4 24. Nxe4 h5 25. Nf6+ Kh6 26. Bc1+ Kg7 27. Ne8+ Kf8
28. Qxh8+ Ke7 29. Bg5+ Kd7 30. Bxd8 Rxd8 31. Qe5 Bb8 32. f8=Q Kc8 33. Rc1 c6 34.
Qe6+ {Black resigns} 1-0

[Event "Team 45 45 League T32"]
[Site "Internet Chess Club"]
[Date "2007.01.26"]
[Round "2"]
[White "sean98"]
[Black "RD1974"]
[Result "0-1"]
[WhiteElo "1545"]
[BlackElo "1694"]
[ECO "B34"]
[TimeControl "2700+45"]

1. e4 c5 2. Nf3 g6 3. d4 cxd4 4. Nxd4 Nc6 5. Be3 Nf6 6. Nc3 Bg7 7. f3 O-O 8. Qd2
Nxd4 9. Bxd4 d6 10. O-O-O Be6 11. Kb1 a6 12. Be3 Qa5 13. Bh6 Rfc8 14. Bxg7 Kxg7
15. Nd5 Qxd2 16. Rxd2 Nxd5 17. exd5 Bd7 18. b3 Rc3 19. Bd3 Rac8 20. g4 b5 21. h3
a5 22. f4 b4 23. f5 a4 24. Re1 axb3 25. axb3 Re8 26. Rde2 e5 27. dxe6 fxe6 28.
fxe6 Bc8 29. h4 Re7 30. g5 Bb7 31. Rd2 Bd5 32. Bc4 Bxc4 33. bxc4 Rxc4 34. Rxd6
Rxh4 35. Red1 Re4 36. Kb2 h6 37. Rd7 Rxe6 38. Kb3 hxg5 39. Rxe7+ Rxe7 40. Kxb4
g4 41. c4 g3 42. Rd2 Rf7 43. Rg2 Rf3 44. c5 Kf7 45. Kb5 Rb3+ 46. Kc6 Kf6 47. Kc7
Kf5 48. c6 Kf4 49. Kd7 Rd3+ 50. Kc7 Kf3 51. Rc2 g2 52. Rc1 Kf2 53. Rc2+ Kg1 54.
Kc8 Kh1 55. Rc1+ g1=Q 56. Rxg1+ Kxg1 57. c7 g5 58. Kb7 Rc3 59. c8=Q Rxc8 60.
Kxc8 g4 61. Kd7 g3 62. Ke6 g2 63. Kf5 Kf2 64. Kg4 g1=Q+ {White resigns} 0-1

[Event "Team 45 45 League T32"]
[Site "Internet Chess Club"]
[Date "2007.01.28"]
[Round "2"]
[White "Theodulf"]
[Black "matthewc"]
[Result "1/2-1/2"]
[WhiteElo "1723"]
[BlackElo "1462"]
[ECO "C04"]
[TimeControl "2700+45"]

1. e4 e6 2. d4 d5 3. Nd2 Nc6 4. c3 dxe4 5. Nxe4 f6 6. Bb5 Bd7 7. Nh3 a6 8. Ba4
Bd6 9. Qg4 Qe7 10. O-O f5 11. Nxd6+ cxd6 12. Qf3 Nf6 13. Bg5 O-O-O 14. Rfe1 Qf7
15. Bf4 d5 16. Bxc6 Bxc6 17. Ng5 Qd7 18. Nxe6 Rde8 19. Nc5 Qf7 20. Qd3 Ne4 21.
f3 Nxc5 22. dxc5 h6 23. c4 g5 24. Be5 Rhg8 25. Rad1 Rd8 26. Bd6 dxc4 27. Qc2
Rge8 28. Rxe8 Rxe8 29. Qd2 f4 30. Be5 Qe6 31. Re1 Qd5 32. Qxd5 Bxd5 33. Kf2 Kd7
34. h4 Re6 35. Bc3 Rxe1 36. Kxe1 g4 37. Kf2 h5 38. Be5 gxf3 39. gxf3 Ke6 40.
Bxf4 c3 41. b4 Bxa2 42. Be3 Kf5 43. Ke2 Bc4+ 44. Kd1 Bd5 45. Ke2 {Game drawn by
mutual agreement} 1/2-1/2

[Event "Team 45 45 League T32"]
[Site "Internet Chess Club"]
[Date "2007.01.28"]
[Round "2"]
[White "kingphisch"]
[Black "Aquaman"]
[Result "0-1"]
[WhiteElo "1582"]
[BlackElo "1510"]
[ECO "B01"]
[TimeControl "2700+45"]

1. e4 d5 2. exd5 Qxd5 3. Nc3 Qa5 4. d4 c6 5. Nf3 Bf5 6. Bd2 Qd8 7. Be2 Nf6 8.
Bf4 e6 9. Bd3 Bxd3 10. Qxd3 Nbd7 11. O-O Be7 12. Rfe1 O-O 13. Ne2 Nd5 14. Bg3
N7f6 15. c3 h6 16. b4 Nh5 17. a4 Nxg3 18. Nxg3 a5 19. b5 cxb5 20. axb5 b6 21.
Ne5 Qc8 22. Nc6 Re8 23. Qf3 Qc7 24. Re4 Nf6 25. Re3 Rad8 26. Nh5 Nxh5 27. Qxh5
Bf6 28. Nxd8 Rxd8 29. Rae1 Rd5 30. Qh3 Rxb5 31. f4 Qxf4 32. Rf3 Qh4 33. Rc1 Qxh3
34. gxh3 Bg5 35. Rc2 a4 36. c4 Ra5 37. c5 bxc5 38. dxc5 Bd8 39. c6 Bc7 40. Rd3
Rg5+ 41. Kf1 Rf5+ 42. Ke1 Re5+ 43. Kd1 Ra5 44. Rd7 Ra7 45. Kc1 a3 46. Kb1 Kf8
47. Ka2 Ke8 48. Rc3 g5 49. Rb3 e5 50. Rb7 Rxb7 51. cxb7 Kxd7 52. Kxa3 Bb8 53.
Kb3 Kc7 54. Kc3 Kxb7 55. Kd3 f5 56. Ke3 e4 57. Ke2 Bxh2 58. Kf2 f4 59. Ke2 h5
{White resigns} 0-1

[Event "Team 45 45 League T32"]
[Site "Internet Chess Club"]
[Date "2007.01.28"]
[Round "2"]
[White "Archaeologist"]
[Black "bajerk"]
[Result "1-0"]
[WhiteElo "1578"]
[BlackElo "1443"]
[ECO "C41"]
[TimeControl "2700+45"]

1. e4 e5 2. Nf3 d6 3. d4 exd4 4. Nxd4 c5 5. Bb5+ Bd7 6. Bxd7+ Qxd7 7. Nf3 h6 8.
c4 Qg4 9. O-O Nc6 10. a3 O-O-O 11. Nc3 g5 12. h3 Qd7 13. b3 Bg7 14. Bb2 g4 15.
hxg4 Qxg4 16. Nh2 Qg6 17. Qg4+ Qxg4 18. Nxg4 h5 19. Ne3 Re8 20. Nf5 Be5 21. Rab1
Nd4 22. Nxd4 Bxd4 23. Nb5 a6 24. Nxd6+ Kd7 25. Nxe8 Kxe8 26. Bxd4 cxd4 27. Rbd1
Rh6 28. Rxd4 h4 29. Rfd1 Kf8 30. Rd6 Rh7 31. Rb6 f6 32. Rd8+ Kg7 33. Rxb7+ Kh8
34. Rxg8+ Kxg8 35. Rxh7 Kxh7 36. c5 Kg7 37. c6 Kf7 38. c7 {Black resigns} 1-0

[Event "Team 45 45 League T32"]
[Site "Internet Chess Club"]
[Date "2007.01.28"]
[Round "2"]
[White "gracey"]
[Black "QuietSet"]
[Result "1-0"]
[WhiteElo "2133"]
[BlackElo "1950"]
[ECO "A14"]
[TimeControl "2700+45"]

1. c4 Nf6 2. g3 e6 3. Bg2 d5 4. Nf3 Be7 5. O-O O-O 6. b3 c6 7. d3 Qc7 8. Nc3 b6
9. d4 Bb7 10. Qd3 Nbd7 11. cxd5 Nxd5 12. e4 Nb4 13. Qb1 c5 14. Rd1 cxd4 15. Nb5
Qc2 16. Rxd4 Nf6 17. e5 Nfd5 18. a3 Qxb1 19. Rxb1 Nc6 20. Rd2 Ba6 21. Nbd4 Nxd4
22. Nxd4 Rac8 23. Bxd5 exd5 24. Nf5 Bg5 25. f4 Bd8 26. Rxd5 Bb7 27. Rd4 b5 28.
Be3 Bb6 29. Ne7+ Kh8 30. Nxc8 Bxc8 31. Kf2 Bf5 32. Rdd1 Bxe3+ 33. Kxe3 Bxb1 34.
Rxb1 h6 35. Rc1 {Black resigns} 1-0

[Event "Team 45 45 League T32"]
[Site "Internet Chess Club"]
[Date "2007.01.28"]
[Round "2"]
[White "ivanson"]
[Black "Bug"]
[Result "1-0"]
[WhiteElo "1922"]
[BlackElo "2128"]
[ECO "C05"]
[TimeControl "2700+45"]

1. e4 e6 2. d4 d5 3. Nd2 Nf6 4. e5 Ng8 5. Bd3 c5 6. c3 Nc6 7. Ne2 Bd7 8. O-O Qc7
9. Nf3 f6 10. exf6 gxf6 11. Nf4 Bd6 12. Ne5 O-O-O 13. Nf7 Bxf4 14. Bxf4 Qxf4 15.
Nxh8 Nh6 16. g3 Qg5 17. dxc5 Rxh8 18. b4 Qg7 19. b5 Ne5 20. Be2 Nf5 21. Qa4 Kb8
22. Rab1 h5 23. c6 Bc8 24. b6 Nxc6 25. bxa7+ Ka8 26. Rb6 Qc7 27. Rfb1 Nd6 28.
Ba6 Ne5 29. R1b3 bxa6 30. Rb8+ Kxa7 31. Qd4+ {Black resigns} 1-0

[Event "Team 45 45 League T32"]
[Site "Internet Chess Club"]
[Date "2007.01.28"]
[Round "2"]
[White "morgado"]
[Black "cityprosecutor"]
[Result "1-0"]
[WhiteElo "1915"]
[BlackElo "1633"]
[ECO "A45"]
[TimeControl "2700+45"]

1. d4 Nf6 2. e3 g6 3. Bd3 Bg7 4. f4 d6 5. Nf3 Nbd7 6. O-O O-O 7. c3 c5 8. Nbd2
a6 9. e4 e5 10. fxe5 dxe5 11. d5 b5 12. c4 bxc4 13. Nxc4 Nb6 14. Ncxe5 Ng4 15.
Nc6 Qc7 16. h3 Ne5 17. Ncxe5 Bxe5 18. Nxe5 Qxe5 19. Qf3 c4 20. Bh6 Qd4+ 21. Kh1
Qxd3 22. Qf6 {Black resigns} 1-0

[Event "Team 45 45 League T32"]
[Site "Internet Chess Club"]
[Date "2007.01.26"]
[Round "2"]
[White "makito"]
[Black "tarheels"]
[Result "1-0"]
[WhiteElo "1784"]
[BlackElo "1821"]
[ECO "A68"]
[TimeControl "2700+45"]

1. d4 Nf6 2. c4 c5 3. d5 e6 4. Nc3 exd5 5. cxd5 d6 6. e4 g6 7. f4 Bg7 8. Nf3 O-O
9. Bd3 a6 10. a4 Re8 11. O-O Nbd7 12. h3 Rb8 13. g4 Qa5 14. e5 dxe5 15. fxe5
Nxe5 16. Nxe5 Rxe5 17. Bf4 Nd7 18. Qf3 c4 19. Bc2 Qb6+ 20. Kh1 Qxb2 21. Ra2 Qb6
22. Bxe5 Nxe5 23. Qf4 Qa5 24. Ra3 b5 25. Ne4 b4 26. Re3 Qxd5 27. Kh2 Bb7 28. Rd1
Nd3 29. Qxb8+ Bf8 30. Nf6+ {Black resigns} 1-0

[Event "Team 45 45 League T32"]
[Site "Internet Chess Club"]
[Date "2007.01.25"]
[Round "2"]
[White "bobhill"]
[Black "BrunosAces"]
[Result "1-0"]
[WhiteElo "2033"]
[BlackElo "1950"]
[ECO "D03"]
[TimeControl "2700+45"]

1. d4 d5 2. Nf3 Nf6 3. Bg5 Ne4 4. Bf4 c5 5. e3 Qb6 6. Nc3 Nxc3 7. bxc3 Qb2 8.
Kd2 Nc6 9. Ne5 Nxe5 10. Bxe5 a6 11. a4 Qb6 12. Qf3 Be6 13. Qg3 Rc8 14. Be2 f6
15. Bb8 Bf7 16. Rhb1 Qc6 17. a5 e5 18. Bxe5 fxe5 19. Qxe5+ Qe6 20. Qxe6+ Bxe6
21. Rxb7 Ra8 22. Rab1 Bd6 23. Rxg7 cxd4 24. cxd4 {Black resigns} 1-0

[Event "Team 45 45 League T32"]
[Site "Internet Chess Club"]
[Date "2007.01.27"]
[Round "2"]
[White "Vitruvian"]
[Black "Rlopez"]
[Result "0-1"]
[WhiteElo "1860"]
[BlackElo "1752"]
[ECO "B22"]
[TimeControl "2700+45"]

1. e4 c5 2. c3 Nf6 3. e5 Nd5 4. d4 cxd4 5. Nf3 Nc6 6. cxd4 e6 7. Nc3 Nxc3 8.
bxc3 d6 9. exd6 Bxd6 10. Bd3 Bd7 11. O-O h6 12. Re1 O-O 13. Qe2 Re8 14. Bd2 Rc8
15. Qe4 f5 16. Qe2 Qf6 17. Rab1 b6 18. Ba6 Rc7 19. Bb5 Qd8 20. Bxc6 Bxc6 21. Ne5
Ba8 22. Nc4 Bf8 23. Ne3 Rc8 24. Qa6 Qc7 25. Rec1 Bd6 26. h3 Qe7 27. Qf1 Bb8 28.
c4 Qd6 29. g3 Qxd4 30. Bc3 Qc5 31. Rd1 Qc6 32. Kh2 Qf3 33. Bb4 f4 34. Ng2 fxg3+
35. fxg3 Qxg3+ 36. Kg1 Qh2+ 37. Kf2 Bg3+ {White resigns} 0-1

[Event "Team 45 45 League T32"]
[Site "Internet Chess Club"]
[Date "2007.01.25"]
[Round "2"]
[White "bbbad"]
[Black "Klampin"]
[Result "0-1"]
[WhiteElo "1589"]
[BlackElo "2019"]
[ECO "B33"]
[TimeControl "2700+45"]

1. e4 c5 2. Nf3 Nc6 3. d4 cxd4 4. Nxd4 Nf6 5. Nc3 e5 6. Ndb5 d6 7. Bg5 a6 8. Na3
b5 9. Nd5 Be7 10. Bxf6 Bxf6 11. c3 Be6 12. Nc2 Bg5 13. Nce3 O-O 14. c4 Qa5+ 15.
Qd2 Qxd2+ 16. Kxd2 Nd4 17. cxb5 axb5 18. Kd3 Nb3 19. Rb1 Nc5+ 20. Ke2 Nxe4 21.
g3 Rxa2 22. Bg2 Nf6 23. Nc3 Ra6 24. Rhd1 Bxe3 25. fxe3 Bc4+ 26. Ke1 Ng4 27. b3
Be6 28. Nxb5 Nxe3 29. Rd2 Nxg2+ 30. Rxg2 Rb8 31. Nc7 Rxb3 32. Rxb3 Ra1+ 33. Kf2
Bxb3 {White resigns} 0-1

[Event "Team 45 45 League T32"]
[Site "Internet Chess Club"]
[Date "2007.01.28"]
[Round "2"]
[White "Boromir"]
[Black "Rlopez"]
[Result "1-0"]
[WhiteElo "1965"]
[BlackElo "1745"]
[ECO "B30"]
[TimeControl "2700+45"]

1. e4 c5 2. Nf3 Nc6 3. Bb5 e6 4. O-O Qb6 5. Nc3 Nd4 6. Ba4 Nf6 7. d3 Be7 8. Re1
O-O 9. e5 Ne8 10. Ne4 Qc7 11. Ng3 a6 12. c3 Nc6 13. d4 f6 14. Bc2 cxd4 15. cxd4
fxe5 16. dxe5 g6 17. Bh6 Ng7 18. Rc1 b5 19. Be4 Bb7 20. Qc2 Rac8 21. Bxg6 hxg6
22. Qxg6 Rf7 23. Nh5 Bf8 24. Ng5 d5 25. Qh7# {Black checkmated} 1-0

[Event "Team 45 45 League T32"]
[Site "Internet Chess Club"]
[Date "2007.01.28"]
[Round "2"]
[White "MrShaw"]
[Black "David-Carioca"]
[Result "1-0"]
[WhiteElo "1834"]
[BlackElo "1514"]
[ECO "C03"]
[TimeControl "2700+45"]

1. e4 e6 2. d4 d5 3. Nd2 dxe4 4. Nxe4 Nd7 5. Nf3 Be7 6. Bd3 Ngf6 7. Nxf6+ Nxf6
8. O-O Bd7 9. b3 Bc6 10. Bb2 Qd6 11. c4 b6 12. Qe2 Ng4 13. Be4 O-O 14. Bxc6 Qxc6
15. d5 Qd6 16. Rfe1 Bf6 17. Bxf6 Nxf6 18. dxe6 fxe6 19. Qxe6+ Qxe6 20. Rxe6 Rf7
21. Ne5 Rff8 22. Nc6 a5 23. Rae1 Rfe8 24. Re7 Rac8 25. g3 Kf8 26. Kg2 Ng8 27.
R7e2 Nf6 28. f4 Nd7 29. Kf3 Rxe2 30. Rxe2 Re8 31. Rxe8+ Kxe8 32. Ke4 Nf6+ 33.
Kd4 Ng4 34. h3 Nf2 35. h4 Ng4 36. Ne5 Nf6 37. c5 h5 38. cxb6 cxb6 39. Nc4 Nd7
40. Kd5 Nf6+ 41. Ke5 Nd7+ 42. Kd6 Nf6 43. Nd2 Kd8 44. Kc6 Nd7 45. Nc4 Nf6 46.
Kxb6 Ne4 47. Kxa5 Nxg3 48. Ne3 Ne4 49. b4 Nc3 50. a4 Ne2 51. Ng2 Kc7 52. b5 Kb7
53. Kb4 Nd4 54. Ne3 Nf3 55. Ng2 Nd4 56. a5 g6 57. a6+ Kb6 58. Ne3 Nxb5 59. Nd5+
Kxa6 60. Kc5 Na3 61. Ne7 Nc2 62. Nxg6 Ne3 63. Kd6 Nf5+ 64. Ke6 Nd4+ 65. Kf6 Kb6
66. Kg5 Kc6 67. Kxh5 Kd6 68. Kg5 Ke6 69. h5 Kf7 70. h6 Kg8 71. Ne7+ Kh7 72. f5
Nf3+ 73. Kh5 Ne5 74. f6 Nf7 75. Nf5 Ne5 76. Nd6 Ng6 77. Kg5 Nf8 78. Ne4 Ne6+ 79.
Kf5 Nf8 80. Kg5 Ne6+ 81. Kh5 Nf8 82. Ng5+ Kh8 83. f7 Nd7 84. Ne6 Nf6+ 85. Kg6
Nd7 86. f8=Q+ Nxf8+ 87. Nxf8 Kg8 88. Ne6 Kh8 89. Ng5 Kg8 90. h7+ Kh8 91. Nf7#
{Black checkmated} 1-0

[Event "Team 45 45 League T32"]
[Site "Internet Chess Club"]
[Date "2007.01.30"]
[Round "2"]
[White "hondocando"]
[Black "pokerram"]
[Result "1-0"]
[WhiteElo "1644"]
[BlackElo "1699"]
[ECO "B23"]
[TimeControl "2700+45"]

1. e4 c5 2. Nc3 e6 3. g3 d6 4. Bg2 Nc6 5. d3 g6 6. Be3 Bg7 7. Qd2 Nge7 8. Bh6
O-O 9. Bxg7 Kxg7 10. f4 f5 11. Nf3 Nd4 12. Ne2 Nxf3+ 13. Bxf3 Nc6 14. c3 e5 15.
O-O Be6 16. Rad1 Qb6 17. c4 Rad8 18. a3 a5 19. Kg2 a4 20. h3 Qa5 21. exf5 Qxd2
22. Rxd2 gxf5 23. Bxc6 bxc6 24. fxe5 dxe5 25. Rfd1 Rd7 26. Nc3 Ra7 27. Re2 Re8
28. Kh2 Bf7 29. g4 fxg4 30. hxg4 Bg6 31. Ne4 Bxe4 32. dxe4 Re6 33. Red2 Rb7 34.
Rd7+ Re7 35. Rxe7+ Rxe7 36. Kg3 Kf7 37. Rf1+ Kg7 38. Rd1 Rb7 39. Rd2 Rb3+ 40.
Kh4 Re3 41. Rd7+ Kg8 42. Ra7 Rxe4 43. Rxa4 Re1 44. Kg3 e4 45. Kf2 Rb1 46. Ra8+
Kf7 47. Ke3 Re1+ 48. Kd2 Rh1 49. a4 Rh3 50. a5 Rh2+ 51. Ke3 Rxb2 52. Kxe4 Rg2
53. Kf3 Rc2 54. a6 Rxc4 55. a7 Ra4 56. g5 c4 57. Ke3 c3 58. Kd3 Ra3 59. Rh8
{Black resigns} 1-0